[Event "Titled Tuesday Blitz June 6 Early 2023"]
[White "Pham, Le Thao Nguyen"]
[Black "Domingo Nunez, Alejandro"]
[WhiteFideId "12401226"]
[BlackFideId "22245561"]
[WhiteElo "2286"]
[BlackElo "2291"]
[Result "1/2-1/2"]
[Round "10"]
[TimeControl "180+2"]
[Date "2023.06.06"]
[WhiteClock "0:00:08"]
[BlackClock "0:00:10"]
[Board "52"]

1. d4 g6 2. Nf3 Bg7 3. g3 d6 4. Bg2 Nf6 5. O-O O-O 6. c4 Nbd7 7. Nc3 c5 8. b3 Rb8 9. Bb2 a6 10. dxc5 Nxc5 11. Nd4 Bd7 12. Qd2 b5 13. cxb5 axb5 14. b4 Ne6 15. Nc6 Bxc6 16. Bxc6 Ng4 17. Bxb5 Nd4 18. a4 Nb3 19. Qf4 Nxa1 20. Bxa1 Qc8 21. Nd5 Qe6 22. Nxe7+ Qxe7 23. Bxg7 Kxg7 24. Qxg4 Rfc8 25. Rd1 Qe5 26. h4 Rc2 27. Qd4 Rb2 28. Qxd6 Qxd6 29. Rxd6 Rxb4 30. Rd7 Rc8 31. Kg2 Rc3 32. Rd5 Ra3 33. h5 Rb2 34. Re5 Kf6 35. Rc5 Ra1 36. Rc7 gxh5 37. Bc4 Rxa4 38. Rxf7+ Kg6 39. Bd5 Rd4 40. Rd7 Rbd2 41. e4 Kh6 42. Rd6+ Kg7 43. Re6 R4d3 44. Re5 Kg6 45. Rf5 Re3 46. Bf7+ Kg7 47. Bd5 Kg6 48. Bf7+ Kg7 49. Bd5 Re1 50. Rxh5 Rdd1 51. Rf5 Rd3 52. Rg5+ Kh6 53. Rf5 Kg6 54. Bf7+ Kg7 55. Bd5 Rdd1 56. Rf7+ Kg6 57. Rf5 Rg1+ 58. Kf3 Rd3+ 59. Ke2 Rgd1 60. Bf7+ Kg7 61. Bd5 R1d2+ 62. Kf1 Rd1+ 63. Kg2 R3d2 64. Rf7+ Kg6 65. Rf5 Re1 66. Kf3 Rd3+ 67. Kg2 Rdd1 68. Bf7+ Kg7 69. Bd5 Rh1 70. Kf3 Rde1 71. Kg2 Rhg1+ 72. Kf3 Rh1 73. Kg2 Rh6 74. Rf7+ Kg6 75. Rf5 Rhh1 76. Bf7+ Kg7 77. Bd5 1/2-1/2


[Site "https://www.chess.com"]

[Event "Titled Tuesday Blitz June 6 Early 2023"]
[White "Hua, Lefong"]
[Black "Mrithyunjay Mahadevan"]
[WhiteFideId "2602253"]
[BlackFideId "45003521"]
[WhiteElo "2627"]
[BlackElo "1626"]
[Result "1-0"]
[Round "10"]
[TimeControl "180+2"]
[Date "2023.06.06"]
[WhiteClock "0:00:30"]
[BlackClock "0:01:29"]
[Board "53"]

1. d4 Nf6 2. c4 c5 3. d5 b5 4. cxb5 Bb7 5. Nc3 g6 6. e4 d6 7. f4 Bg7 8. Nf3 O-O 9. a4 a6 10. Bd2 axb5 11. Bxb5 Na6 12. O-O Nc7 13. Re1 Nxb5 14. axb5 Qb6 15. Qe2 Ng4 16. h3 c4+ 17. Kf1 Bxc3 18. bxc3 Rxa1 19. Rxa1 Nf6 20. Nd4 Rc8 21. g4 e6 22. g5 Nh5 23. Qf3 exd5 24. exd5 Qc5 25. Nc6 Re8 26. Re1 Rxe1+ 27. Bxe1 Qxb5 28. f5 Ng7 29. Ne7+ Kf8 30. fxg6 Kxe7 31. Qxf7+ Kd8 32. gxh7 Qxd5 33. h8=Q+ Ne8 34. Qhxe8# 1-0


[Site "https://www.chess.com"]

[Event "Titled Tuesday Blitz June 6 Early 2023"]
[White "Lee, Qing Aun"]
[Black "Arencibia Monduy, Antonio"]
[WhiteFideId "5804167"]
[BlackFideId "3507939"]
[WhiteElo "2179"]
[BlackElo "2492"]
[Result "1-0"]
[Round "10"]
[TimeControl "180+2"]
[Date "2023.06.06"]
[WhiteClock "0:00:27"]
[BlackClock "0:00:02"]
[Board "54"]

1. d4 Nf6 2. Nc3 d5 3. Bf4 a6 4. e3 e6 5. g4 Bd6 6. g5 Ne4 7. Nxe4 dxe4 8. Bg2 Bxf4 9. exf4 f5 10. f3 O-O 11. Ne2 exf3 12. Bxf3 Nc6 13. Qd2 Ne7 14. O-O-O Bd7 15. Rhe1 Rb8 16. Nc3 c6 17. Na4 b6 18. h4 Qc7 19. h5 Rbd8 20. Nc3 Nd5 21. Nxd5 cxd5 22. h6 g6 23. Re5 Rf7 24. Rde1 Bc8 25. R1e3 Rd6 26. Qe2 Bd7 27. Kb1 Qb7 28. c4 Qc7 29. cxd5 exd5 30. Rc3 Qd8 31. Bxd5 Kf8 32. Bxf7 Kxf7 33. d5 Bb5 34. Qd2 Qd7 35. a3 a5 36. Qc2 Qd8 37. Rc7+ Bd7 38. Qc3 Kf8 39. Re1 1-0


[Site "https://www.chess.com"]

[Event "Titled Tuesday Blitz June 6 Early 2023"]
[White "Girya, Olga"]
[Black "Tomaszewski, Kacper"]
[WhiteFideId "4195752"]
[BlackFideId "1127373"]
[WhiteElo "2263"]
[BlackElo "2211"]
[Result "0-1"]
[Round "10"]
[TimeControl "180+2"]
[Date "2023.06.06"]
[WhiteClock "0:00:02"]
[BlackClock "0:00:24"]
[Board "55"]

1. d4 d5 2. Nf3 Nf6 3. c4 e6 4. Nc3 c5 5. cxd5 Nxd5 6. g3 Nxc3 7. bxc3 cxd4 8. cxd4 Bb4+ 9. Bd2 Bxd2+ 10. Qxd2 O-O 11. Bg2 Nc6 12. O-O Qd6 13. Rab1 Rd8 14. Rfd1 Rb8 15. Qf4 Qxf4 16. gxf4 Bd7 17. Ne5 Be8 18. Nxc6 Bxc6 19. Bxc6 bxc6 20. Rdc1 Rxb1 21. Rxb1 g6 22. e3 Rd7 23. Rb8+ Kg7 24. Rc8 Rd6 25. Kg2 Kf6 26. Rc7 a5 27. Kf3 h5 28. Ke4 Rd5 29. Rxc6 Rb5 30. Rc5 Rb2 31. Rxa5 Rxf2 32. h4 Rh2 33. a4 Rxh4 34. d5 exd5+ 35. Rxd5 Rh1 36. Rd6+ Ke7 37. Rd4 Ra1 38. Kf3 Ke6 39. e4 Ra3+ 40. Kf2 h4 41. Rb4 Ra2+ 42. Kf3 h3 43. Kg3 h2 44. Rb1 Rxa4 45. Kxh2 Rxe4 46. Kg3 Re3+ 47. Kg4 Kf6 48. Rb6+ Re6 49. Rb4 Rd6 50. Kf3 Rd5 51. Rb3 Kf5 52. Kg3 Ke4 53. Rb4+ Rd4 54. Rb7 Rd3+ 55. Kg2 f6 56. Rb4+ Kf5 57. Kf2 Kg4 58. Kg2 Rd2+ 59. Kg1 Kf3 0-1


[Site "https://www.chess.com"]

[Event "Titled Tuesday Blitz June 6 Early 2023"]
[White "Hristodoulou, Panagiotis"]
[Black "Goroshkov, Maksym"]
[WhiteFideId "4214340"]
[BlackFideId "14142716"]
[WhiteElo "2272"]
[BlackElo "2322"]
[Result "1/2-1/2"]
[Round "10"]
[TimeControl "180+2"]
[Date "2023.06.06"]
[WhiteClock "0:00:03"]
[BlackClock "0:00:24"]
[Board "56"]

1. e4 e5 2. Nf3 d6 3. d4 Bg4 4. dxe5 Nd7 5. exd6 Bxd6 6. Be2 Ngf6 7. e5 Bxe5 8. Nxe5 Nxe5 9. Bxg4 Nfxg4 10. Qxd8+ Rxd8 11. Bf4 Ng6 12. Bg3 O-O 13. O-O Rd7 14. Nc3 h5 15. Rad1 Rxd1 16. Rxd1 N4e5 17. h4 f6 18. b3 Rf7 19. f3 Rd7 20. Rxd7 Nxd7 21. Bxc7 Nxh4 22. Nb5 a6 23. Nd6 b5 24. Kf2 Kf8 25. g3 Ng6 26. Nf5 Nge5 27. Ke3 g6 28. Nd4 Ke7 29. f4 Ng4+ 30. Kf3 g5 31. Ba5 gxf4 32. Kxf4 Nge5 33. Nf5+ Kf7 34. Bc3 Ng6+ 35. Ke4 Ne7 36. Nxe7 Kxe7 37. Kf5 Kf7 38. Bd4 Ke7 39. c3 Kf7 40. c4 bxc4 41. bxc4 Ke7 42. c5 Kd8 43. Bxf6+ Kc7 44. Be7 Kc6 45. Kg5 Ne5 46. Kxh5 Nd3 47. g4 Nf4+ 48. Kh6 Nd5 49. Bd6 Kd7 50. g5 Ke6 51. g6 Nf6 52. g7 Kf7 53. c6 Ng8+ 54. Kg5 Nf6 55. Kf5 Ne8 56. Be5 a5 57. c7 Nxc7 58. Bxc7 Kxg7 59. Ke6 a4 60. Kd7 Kf7 61. Bd6 Kf6 62. Kc6 Ke6 63. Bc5 Ke5 64. Kb5 Kd5 65. Bb4 Ke6 66. Kc6 Ke5 67. a3 Ke6 68. Bd6 Kf7 69. Bh2 Ke8 70. Kc7 Ke7 71. Bd6+ Kf7 72. Kc6 Ke8 73. Bc5 Kd8 74. Kb7 Kd7 75. Bb6 Kd6 76. Ka6 Kc6 77. Be3 Kc7 78. Ba7 Kc8 79. Kb6 Kd7 80. Bb8 Kc8 81. Bf4 Kd7 82. Kb7 Kd8 83. Bd2 Kd7 84. Ba5 Kd6 85. Bc7+ Kd7 86. Bb6 Kd6 87. Kb8 Kc6 88. Ka7 Kd7 89. Kb7 1/2-1/2


[Site "https://www.chess.com"]

[Event "Titled Tuesday Blitz June 6 Early 2023"]
[White "Aldokhin, Ivan"]
[Black "Toncheva, Nadya"]
[WhiteFideId "24115720"]
[BlackFideId "2924056"]
[WhiteElo "2322"]
[BlackElo "2101"]
[Result "0-1"]
[Round "10"]
[TimeControl "180+2"]
[Date "2023.06.06"]
[WhiteClock "0:00:10"]
[BlackClock "0:01:13"]
[Board "57"]

1. e4 c5 2. Nf3 Nc6 3. d4 cxd4 4. Nxd4 e6 5. Nc3 Qc7 6. Nxc6 bxc6 7. Bd3 Nf6 8. O-O d5 9. Qe2 Be7 10. f4 O-O 11. Kh1 Bb7 12. f5 e5 13. g4 dxe4 14. Nxe4 c5 15. b3 Qc6 16. Re1 c4 17. bxc4 Bb4 18. Bg5 Bxe1 19. Bxf6 Bc3 20. Rb1 gxf6 21. Qe3 Bd4 22. Qf3 Rab8 23. Rb5 Ba8 24. Rd5 Rb1+ 25. Kg2 Rg1+ 26. Kh3 Kh8 27. c3 Bb6 28. Rd6 Qxd6 0-1


[Site "https://www.chess.com"]

[Event "Titled Tuesday Blitz June 6 Early 2023"]
[White "Nikologorsky, Matfei"]
[Black "Skliarov, Viktor"]
[WhiteFideId "24102474"]
[BlackFideId "14106736"]
[WhiteElo "2153"]
[BlackElo "2317"]
[Result "1/2-1/2"]
[Round "10"]
[TimeControl "180+2"]
[Date "2023.06.06"]
[WhiteClock "0:00:09"]
[BlackClock "0:00:04"]
[Board "58"]

1. e4 c5 2. Nf3 Nc6 3. d4 cxd4 4. Nxd4 Nf6 5. Nc3 e5 6. Ndb5 d6 7. Bg5 a6 8. Bxf6 gxf6 9. Na3 b5 10. Nd5 f5 11. g3 Bg7 12. Bg2 O-O 13. c3 fxe4 14. Bxe4 f5 15. Bg2 Ra7 16. Nc2 Kh8 17. a4 Be6 18. axb5 axb5 19. Rxa7 Nxa7 20. O-O Nc6 21. Qe2 Qb8 22. Rd1 e4 23. Nf4 Bb3 24. Ra1 b4 25. Ne3 bxc3 26. bxc3 Bxc3 27. Rb1 Nd4 28. Qh5 Qe8 29. Qxe8 Rxe8 30. Nxf5 Nxf5 31. Rxb3 Bd4 32. Rb5 e3 33. fxe3 Nxe3 34. Kh1 Ng4 35. Bd5 Re1+ 36. Kg2 Ne3+ 37. Kf3 Nxd5 38. Nxd5 Kg7 39. g4 Be5 40. h4 Rh1 41. h5 Kh6 42. Rb7 Rh3+ 43. Ke4 Kg5 44. Rxh7 Kxg4 45. Ne3+ Kg5 46. Nf5 Rxh5 47. Rxh5+ Kxh5 48. Kd5 Kg5 49. Nxd6 1/2-1/2


[Site "https://www.chess.com"]

[Event "Titled Tuesday Blitz June 6 Early 2023"]
[White "Yeritsyan, Hayk"]
[Black "Kochiev, Ivan"]
[WhiteFideId "13307320"]
[BlackFideId "2917890"]
[WhiteElo "2457"]
[BlackElo "2287"]
[Result "1-0"]
[Round "10"]
[TimeControl "180+2"]
[Date "2023.06.06"]
[WhiteClock "0:02:01"]
[BlackClock "0:00:24"]
[Board "59"]

1. Nf3 Nf6 2. c4 e6 3. Nc3 c6 4. g3 d5 5. Bg2 Be7 6. b3 O-O 7. O-O b6 8. d3 Bb7 9. Bb2 Nbd7 10. Rc1 Rc8 11. e4 dxe4 12. dxe4 Nc5 13. Ne5 Qc7 14. f4 Rfd8 15. Qe2 Ncd7 16. Rcd1 Nxe5 17. fxe5 Bc5+ 18. Kh1 Qxe5 19. Nd5 Qxb2 20. Qxb2 cxd5 21. exd5 Ng4 22. Rd3 Ne3 23. Rxe3 Bxe3 24. dxe6 Bxg2+ 25. Qxg2 fxe6 26. Qe4 Bg5 27. Qxe6+ Kh8 28. Kg2 Bf6 29. Rxf6 gxf6 30. Qxf6+ Kg8 31. Kh3 Rd7 32. Qe6+ 1-0


[Site "https://www.chess.com"]

[Event "Titled Tuesday Blitz June 6 Early 2023"]
[White "kuanysh1981"]
[Black "Garcia Blanco, Omar"]
[BlackFideId "2287153"]
[WhiteElo "2466"]
[BlackElo "2356"]
[Result "1-0"]
[Round "10"]
[TimeControl "180+2"]
[Date "2023.06.06"]
[WhiteClock "0:01:09"]
[BlackClock "0:00:24"]
[Board "60"]

1. e4 c6 2. d4 d5 3. Bd3 dxe4 4. Bxe4 Nf6 5. Bf3 Bf5 6. Ne2 e6 7. O-O Bd6 8. Re1 O-O 9. Nbc3 Nbd7 10. Ng3 Bg6 11. Nce4 Be7 12. c3 a5 13. a4 Qb6 14. Qe2 Rfe8 15. Be3 Nd5 16. Bc1 e5 17. dxe5 Nxe5 18. c4 Nb4 19. Be3 Qa6 20. b3 Nxf3+ 21. Qxf3 Nc2 22. h4 Nxe1 23. Rxe1 Bb4 24. Rf1 Bxe4 25. Nxe4 Re6 26. Ng5 Rf6 27. Qe4 h6 28. Qh7+ Kf8 29. Qh8+ Ke7 30. Qxg7 hxg5 31. Bxg5 c5 32. Rd1 Rc8 33. h5 Qe6 34. Bxf6+ Qxf6 35. Rd7+ Kxd7 36. Qxf6 Ke8 37. h6 Rc6 38. Qg7 Rg6 39. h7 1-0


[Site "https://www.chess.com"]

[Event "Titled Tuesday Blitz June 6 Early 2023"]
[White "Terletsky, Oleg"]
[Black "Herman, Daniel"]
[WhiteFideId "14116774"]
[BlackFideId "30935008"]
[WhiteElo "2126"]
[BlackElo "1897"]
[Result "1-0"]
[Round "10"]
[TimeControl "180+2"]
[Date "2023.06.06"]
[WhiteClock "0:00:04"]
[BlackClock "0:00:02"]
[Board "61"]

1. e4 Nf6 2. e5 Nd5 3. d4 d6 4. c4 Nb6 5. exd6 exd6 6. Nf3 Bf5 7. Be2 Be7 8. O-O O-O 9. Nc3 c6 10. Be3 N8d7 11. h3 Nf6 12. Nh4 Bg6 13. Nxg6 hxg6 14. b3 Qd7 15. a4 a5 16. d5 c5 17. Bd3 Rfe8 18. Qf3 Qd8 19. Nb5 Nbd7 20. Qg3 Ne5 21. Bc2 Nh5 22. Qh2 Bh4 23. Rae1 f5 24. Bf4 Nxf4 25. Qxf4 Bg5 26. Qh2 Bd2 27. Rd1 Bb4 28. f4 Nf7 29. Qg3 Kh7 30. Rd3 Re2 31. Bd1 Rb2 32. Qf3 Qf6 33. g4 fxg4 34. hxg4 g5 35. Nc7 Rh8 36. Ne6 Kg8 37. fxg5 Qxf3 38. Rdxf3 Rhh2 39. R1f2 Rbxf2 40. Rxf2 Rxf2 41. Kxf2 Ne5 42. Kg3 Nd3 43. Nd8 Be1+ 44. Kg2 Bd2 45. Nxb7 Bf4 46. Nxa5 Bxg5 47. Nc6 Nb2 48. Be2 Bd2 49. a5 Bb4 50. a6 1-0


[Site "https://www.chess.com"]

[Event "Titled Tuesday Blitz June 6 Early 2023"]
[White "ArchibaldCerveza29"]
[Black "Diaz Rosas, Julio Cesar"]
[BlackFideId "5105099"]
[WhiteElo "2451"]
[BlackElo "2284"]
[Result "1-0"]
[Round "10"]
[TimeControl "180+2"]
[Date "2023.06.06"]
[WhiteClock "0:00:06"]
[BlackClock "0:00:02"]
[Board "62"]

1. e4 c5 2. c3 Nf6 3. e5 Nd5 4. d4 cxd4 5. Nf3 g6 6. cxd4 Bg7 7. h4 h5 8. Nc3 Nxc3 9. bxc3 d6 10. exd6 Qxd6 11. Bd3 O-O 12. Rb1 Bg4 13. Be4 Nc6 14. Rxb7 Rab8 15. Rxb8 Rxb8 16. O-O Na5 17. Qa4 Qc7 18. Ng5 Bd7 19. Bf4 e5 20. Qa3 exf4 21. Qe7 Rf8 22. Bd5 Nc6 23. Bxf7+ Kh8 24. Qc5 Qb6 25. Qd6 Nb8 26. Qe7 Qf6 27. Qb4 Nc6 28. Qc4 Bf5 29. Re1 Nd8 30. Bd5 Bh6 31. Qc5 f3 32. Bxf3 Bg7 33. Qxa7 Bd3 34. Re7 Bc4 35. Qc7 Bg8 36. Re3 Ne6 37. Nxe6 Bxe6 38. a4 Bg4 39. a5 Bh6 40. Rd3 Qf5 41. Qc4 Bxf3 42. Rxf3 Qb1+ 43. Kh2 Rxf3 44. gxf3 Bf4+ 45. Kg2 g5 46. Qc8+ Kh7 47. Qd7+ Kh6 48. Qe6+ Kg7 49. Qe7+ Kg6 50. Qe6+ Kg7 51. Qe7+ Kh8 52. Qf8+ Kh7 53. Qf7+ Kh6 54. Qf6+ Kh7 55. hxg5 Bd2 56. Qh6+ Kg8 57. Qe6+ Kg7 58. Qf6+ Kh7 59. Qf7+ Kh8 60. g6 1-0


[Site "https://www.chess.com"]

[Event "Titled Tuesday Blitz June 6 Early 2023"]
[White "Degenbaev, Aziz"]
[Black "Moore, Nicholas"]
[WhiteFideId "13802640"]
[BlackFideId "4303709"]
[WhiteElo "2152"]
[BlackElo "2423"]
[Result "1-0"]
[Round "10"]
[TimeControl "180+2"]
[Date "2023.06.06"]
[WhiteClock "0:01:06"]
[BlackClock "0:01:14"]
[Board "63"]

1. e4 c5 2. Nf3 e6 3. d4 cxd4 4. Nxd4 Nc6 5. Nc3 Qc7 6. a3 a6 7. Be3 b5 8. Nxc6 Qxc6 9. Bd3 Bb7 10. O-O Qc7 11. Qe2 Nf6 12. Bd4 d6 13. Rae1 Rc8 14. e5 dxe5 15. Bxe5 Bd6 16. Bxb5+ axb5 17. Nxb5 Bxe5 18. Nxc7+ Bxc7 19. Qb5+ Bc6 20. Qxc6+ Ke7 21. Qb7 Nd5 22. c4 Rb8 23. Qc6 Rb6 24. Qc5+ Bd6 25. Qd4 1-0


[Site "https://www.chess.com"]

[Event "Titled Tuesday Blitz June 6 Early 2023"]
[White "Machidon, Cristi"]
[Black "Lopez Idarraga, Daniel Eduardo"]
[WhiteFideId "13904590"]
[BlackFideId "4405501"]
[WhiteElo "2355"]
[BlackElo "1980"]
[Result "1-0"]
[Round "10"]
[TimeControl "180+2"]
[Date "2023.06.06"]
[WhiteClock "0:00:14"]
[BlackClock "0:00:01"]
[Board "64"]

1. e4 c5 2. Nf3 Nc6 3. Bb5 g6 4. O-O Bg7 5. c3 Nf6 6. Re1 O-O 7. d4 cxd4 8. cxd4 d5 9. e5 Ne4 10. Be3 Qb6 11. Bxc6 bxc6 12. b3 a5 13. Nfd2 Nxd2 14. Qxd2 e6 15. Nc3 Qb4 16. Na4 Ba6 17. Nc5 Bb5 18. Qxb4 axb4 19. Bd2 Rfb8 20. Bxb4 Bf8 21. Rec1 Bc4 22. Bc3 Bxc5 23. dxc5 Bd3 24. f3 h5 25. Kf2 Rb5 26. Ke3 Bf5 27. Bd4 Rba5 28. a4 Rb8 29. Ra3 Kf8 30. Kf4 Ke7 31. h3 g5+ 32. Ke3 h4 33. Kd2 Kd7 34. Kc3 Rba8 35. Be3 f6 36. Rca1 fxe5 37. b4 d4+ 38. Kc4 dxe3 39. bxa5 Rxa5 40. Rxe3 Bc2 41. Kb4 Ra8 42. Rxe5 Rb8+ 43. Kc3 Bf5 44. a5 Kc7 45. a6 Ra8 46. Re2 Rd8 47. Rd2 Rb8 48. a7 Ra8 49. Rd6 Kb7 50. Kd4 Bc2 51. Ke5 Bb3 52. Kf6 Bd5 53. Rd7+ Kc8 54. Ke7 e5 55. Kd6 e4 56. Rh7 1-0


[Site "https://www.chess.com"]

[Event "Titled Tuesday Blitz June 6 Early 2023"]
[White "Ai, Evan"]
[Black "Liu, Casper"]
[WhiteFideId "2094770"]
[BlackFideId "1454153"]
[WhiteElo "1963"]
[BlackElo "2221"]
[Result "1-0"]
[Round "10"]
[TimeControl "180+2"]
[Date "2023.06.06"]
[WhiteClock "0:01:42"]
[BlackClock "0:00:48"]
[Board "65"]

1. e4 c5 2. Nf3 Nf6 3. e5 Nd5 4. d4 e6 5. c4 Nb6 6. d5 d6 7. Nc3 dxe5 8. Nxe5 Bd6 9. Nf3 O-O 10. Be2 e5 11. O-O f5 12. Bg5 Qe8 13. Nb5 Qg6 14. Qd2 f4 15. Bd3 Bf5 16. Nh4 Qxg5 17. Nxf5 Rxf5 18. Bxf5 Qxf5 19. Nxd6 Qd7 20. Ne4 Nxc4 21. Qc2 Nd6 22. Nxc5 Qf7 23. Ne6 Nd7 24. Qc7 Nf5 25. Qxb7 Re8 26. Rac1 h6 27. Rc8 Kh7 28. Rxe8 Qxe8 29. Qxd7 Qg6 30. Nf8+ 1-0


[Site "https://www.chess.com"]

[Event "Titled Tuesday Blitz June 6 Early 2023"]
[White "Bogaudinov, Rushan"]
[Black "Trifan, Andrei Ioan"]
[WhiteFideId "4129288"]
[BlackFideId "12967068"]
[WhiteElo "1967"]
[BlackElo "2208"]
[Result "0-1"]
[Round "10"]
[TimeControl "180+2"]
[Date "2023.06.06"]
[WhiteClock "0:00:07"]
[BlackClock "0:00:27"]
[Board "66"]

1. e4 b6 2. g3 Bb7 3. Bg2 Nf6 4. Nc3 e6 5. f4 Be7 6. d3 O-O 7. Nf3 c5 8. O-O d5 9. Qe2 Nc6 10. e5 Nd7 11. a4 a6 12. h4 Qc7 13. h5 h6 14. g4 Nd4 15. Qf2 f6 16. exf6 Bxf6 17. Kh1 Nxf3 18. Qxf3 Bxc3 19. bxc3 e5 20. Qg3 e4 21. Be3 Nf6 22. Qh4 Qf7 23. dxe4 Nxe4 24. Bxe4 dxe4 25. Rad1 Bc6 26. Rd6 Bxa4 27. Rxb6 Rad8 28. Bxc5 Rfe8 29. Bd4 e3 30. Rg6 Rxd4 31. cxd4 Bc6+ 32. Kh2 e2 33. Re1 Be4 34. Rxa6 Bxc2 35. f5 Bd3 36. Qg3 Bxa6 37. Qa3 Qc7+ 38. Kg2 Bb7+ 39. Kg1 Qf4 40. Qb3+ Kh8 41. Qh3 Qxd4+ 42. Kh2 Qf2+ 0-1


[Site "https://www.chess.com"]

[Event "Titled Tuesday Blitz June 6 Early 2023"]
[White "Sharapov, Evgeny"]
[Black "Yonal, Timur"]
[WhiteFideId "14103133"]
[BlackFideId "44115725"]
[WhiteElo "2367"]
[BlackElo "1966"]
[Result "0-1"]
[Round "10"]
[TimeControl "180+2"]
[Date "2023.06.06"]
[WhiteClock "0:00:26"]
[BlackClock "0:00:10"]
[Board "67"]

1. e4 c5 2. Nf3 d6 3. d4 cxd4 4. Nxd4 Nf6 5. Nc3 a6 6. g3 e5 7. Nb3 Be7 8. Bg2 Be6 9. O-O O-O 10. a4 Nbd7 11. Re1 Rc8 12. Nd2 Nc5 13. Nf1 Qc7 14. a5 Rfd8 15. Ne3 b6 16. axb6 Qxb6 17. Ncd5 Nxd5 18. Nxd5 Qb7 19. Nxe7+ Qxe7 20. b4 Nb7 21. Rxa6 Ra8 22. Rxa8 Rxa8 23. Be3 Qd7 24. c3 Ra2 25. Re2 Ra3 26. Qc1 Qa4 27. Re1 Ra2 28. Bf1 h6 29. h4 Rc2 30. Qa1 Ra2 31. Qd1 Bb3 32. Qg4 Be6 33. Qd1 Bb3 34. Qd3 Kh7 0-1


[Site "https://www.chess.com"]

[Event "Titled Tuesday Blitz June 6 Early 2023"]
[White "Tokman, Ariel"]
[Black "Vaglio Munoz, Jaime"]
[WhiteFideId "117420"]
[BlackFideId "6500145"]
[WhiteElo "2263"]
[BlackElo "2199"]
[Result "0-1"]
[Round "10"]
[TimeControl "180+2"]
[Date "2023.06.06"]
[WhiteClock "0:00:05"]
[BlackClock "0:00:35"]
[Board "68"]

1. d4 c6 2. e4 d5 3. Nd2 dxe4 4. Nxe4 Nd7 5. Qe2 Ndf6 6. Nxf6+ Nxf6 7. Be3 Bf5 8. Nf3 e6 9. c3 Qa5 10. g3 Be4 11. Bg2 Be7 12. O-O O-O 13. Rfe1 h6 14. Bf1 Qh5 15. Nd2 Qxe2 16. Bxe2 Bg6 17. Nc4 Nd5 18. Ne5 Bh7 19. Bd2 Rfd8 20. Bh5 Rf8 21. Nc4 Rad8 22. Na5 Rd7 23. Nb3 b6 24. Bf3 Rc8 25. Be4 Bxe4 26. Rxe4 c5 27. dxc5 Bxc5 28. Nxc5 Rxc5 29. Be1 b5 30. Kf1 a5 31. Rd4 Rb7 32. Rad1 Kf8 33. Ke2 Ke8 34. f3 g5 35. Bf2 Rc4 36. h4 Ke7 37. hxg5 hxg5 38. Be3 f6 39. Rh1 Kf8 40. Rh8+ Kg7 41. Re8 Kf7 42. Ra8 a4 43. Rh8 Kg7 44. Rd8 a3 45. Rxc4 axb2 46. Rb4 Nxb4 47. Rd1 Nxa2 48. Kd3 Rd7+ 49. Bd4 e5 50. Kc2 Nb4+ 51. Kxb2 Nc6 0-1


[Site "https://www.chess.com"]

[Event "Titled Tuesday Blitz June 6 Early 2023"]
[White "Martin, Lewis"]
[Black "Zheenbekov, Nurgazy"]
[WhiteFideId "410551"]
[BlackFideId "13800485"]
[WhiteElo "2145"]
[BlackElo "1975"]
[Result "1-0"]
[Round "10"]
[TimeControl "180+2"]
[Date "2023.06.06"]
[WhiteClock "0:00:35"]
[BlackClock "0:00:09"]
[Board "69"]

1. e4 e5 2. Nf3 Nc6 3. Bb5 a6 4. Ba4 Nf6 5. O-O Be7 6. Re1 b5 7. Bb3 d6 8. a4 Bb7 9. axb5 axb5 10. Rxa8 Bxa8 11. c3 O-O 12. d4 Bb7 13. Nbd2 Nd7 14. Nf1 Bf6 15. Ng3 Na5 16. Bc2 c5 17. Nf5 Qc7 18. Bg5 Bc8 19. Qc1 h6 20. Bxf6 Nxf6 21. Nxd6 cxd4 22. cxd4 Qxd6 23. dxe5 Qb6 24. exf6 Qxf6 25. e5 Qb6 26. Qf4 Qc6 27. Be4 Qc4 28. Rc1 Qe6 29. Nd4 Qg4 30. Qxg4 Bxg4 31. b4 Nc4 32. Nxb5 Nxe5 33. h3 Be6 34. Nd4 Bd7 35. b5 g6 36. f4 Rb8 37. fxe5 Bxb5 38. Rb1 1-0


[Site "https://www.chess.com"]

[Event "Titled Tuesday Blitz June 6 Early 2023"]
[White "Ibadov, Dashgyn"]
[Black "Nemec, Jachym"]
[WhiteFideId "24107514"]
[BlackFideId "23716525"]
[WhiteElo "2208"]
[BlackElo "2347"]
[Result "0-1"]
[Round "10"]
[TimeControl "180+2"]
[Date "2023.06.06"]
[WhiteClock "0:00:11"]
[BlackClock "0:00:56"]
[Board "70"]

1. d4 Nf6 2. c4 e6 3. Nc3 d5 4. cxd5 exd5 5. Bg5 c6 6. e3 Be7 7. Bd3 h6 8. Bh4 O-O 9. Qc2 Re8 10. Nf3 a5 11. Ne5 Na6 12. a3 c5 13. O-O c4 14. Be2 Nc7 15. f4 b5 16. Bf3 Bb7 17. g4 b4 18. Ne2 Ne6 19. Ng3 Rc8 20. axb4 axb4 21. Nf5 c3 22. b3 Qb6 23. Rf2 Bd8 24. Rg2 Ne4 25. Bxd8 Rcxd8 26. Bxe4 dxe4 27. g5 hxg5 28. fxg5 Nxd4 29. exd4 Rxe5 30. Rf1 Rxf5 31. Rxf5 Qxd4+ 32. Rff2 e3 33. Rxf7 Kxf7 34. Qf5+ Ke7 0-1


[Site "https://www.chess.com"]

[Event "Titled Tuesday Blitz June 6 Early 2023"]
[White "Papayan, Oleg"]
[Black "Itgelt, Khuyagtsogt"]
[WhiteFideId "4193911"]
[BlackFideId "4902912"]
[WhiteElo "2167"]
[BlackElo "2227"]
[Result "0-1"]
[Round "10"]
[TimeControl "180+2"]
[Date "2023.06.06"]
[WhiteClock "0:00:23"]
[BlackClock "0:00:22"]
[Board "71"]

1. e4 e6 2. d4 d6 3. Nc3 Nd7 4. Nf3 h6 5. h4 a6 6. a3 b5 7. Bd3 Bb7 8. Qe2 Ngf6 9. Bf4 c5 10. dxc5 dxc5 11. e5 Qc7 12. Bxb5 axb5 13. Nxb5 Qb8 14. O-O-O Nd5 15. Bg3 Ba6 16. c4 Bxb5 17. cxb5 N7b6 18. Nd2 Be7 19. Ne4 Ra4 20. Nd6+ Bxd6 21. exd6 Kd7 22. Qh5 g6 23. Qf3 f5 24. Be5 Rg8 25. h5 g5 26. Kb1 Re4 27. Rhe1 Rxe1 28. Rxe1 Nc4 29. Bc3 Qxb5 30. Kc1 Rb8 31. Qe2 Nf4 32. Qc2 Qb3 33. Qxb3 Rxb3 34. Bg7 Nxh5 35. Bxh6 g4 36. g3 Nf6 37. Bf4 Nd5 38. Rh1 Nxf4 39. gxf4 Rxb2 40. Rh7+ Kxd6 41. a4 Ra2 42. a5 Nxa5 43. Kb1 Rxf2 44. Ra7 Nc6 45. Ra6 Rxf4 46. Kc2 Rd4 47. Kc3 e5 48. Kb3 g3 49. Ra8 Rg4 50. Rg8 Rxg8 51. Ka4 Rb8 52. Ka3 g2 53. Ka4 f4 54. Ka3 f3 55. Ka4 e4 56. Ka3 e3 57. Ka4 f2 58. Ka3 e2 59. Ka4 c4 60. Ka3 c3 61. Ka4 c2 62. Ka3 g1=Q 63. Ka2 f1=Q 64. Ka3 e1=Q 65. Ka2 Ne7 66. Ka3 Rc8 67. Ka2 c1=Q 68. Kb3 Qc2+ 69. Ka3 Qa5# 0-1


[Site "https://www.chess.com"]

[Event "Titled Tuesday Blitz June 6 Early 2023"]
[White "Goryachkina, Aleksandra"]
[Black "Estrada Nieto, Julian"]
[WhiteFideId "4147103"]
[BlackFideId "5101018"]
[WhiteElo "2471"]
[BlackElo "2161"]
[Result "1-0"]
[Round "10"]
[TimeControl "180+2"]
[Date "2023.06.06"]
[WhiteClock "0:00:12"]
[BlackClock "0:00:11"]
[Board "72"]

1. e4 e5 2. Nf3 Nc6 3. Bc4 Bc5 4. d3 Nf6 5. c3 d6 6. Nbd2 a6 7. h3 Ba7 8. Bb3 Be6 9. Nf1 h6 10. Ng3 Qd7 11. Be3 Bxe3 12. fxe3 O-O-O 13. Bxe6 fxe6 14. O-O d5 15. exd5 exd5 16. d4 Qe6 17. Qd2 e4 18. Ne1 Rhf8 19. b4 Ne7 20. a4 Nd7 21. a5 Rxf1+ 22. Nxf1 Rf8 23. Qe2 Qc6 24. Rc1 Qc4 25. Qxc4 dxc4 26. Nd2 Nd5 27. Nxc4 b5 28. axb6 N7xb6 29. Nxb6+ cxb6 30. Nc2 Nc7 31. c4 Kd7 32. Rf1 Rxf1+ 33. Kxf1 a5 34. bxa5 bxa5 35. Ke2 Na6 36. Kd2 Kc6 37. Kc3 Nc7 38. d5+ Kc5 39. Nd4 a4 40. Ne6+ Nxe6 41. dxe6 Kd6 42. Kb4 a3 43. Kxa3 Kxe6 44. Kb4 Kd6 45. Kb5 g5 46. Kb6 Kd7 47. c5 h5 48. Kb7 Ke6 49. c6 1-0


[Site "https://www.chess.com"]